AoeStats
← Puttsson

Arabian Desert

509717748Analyzed
1v1 RM · 4d ago on Sep 27, 2026· 34m 8s· 2 players
Game mode
Random Map
Map size
Tiny (2 player)
Population
200
Speed
Normal
Resources
Standard
Victory
Conquest
Starting age
Dark Age
Ending age
Imperial Age
RankedLock teamsTeams togetherTeam positionsShared explorationLock speedFull tech treeHidden civsTurbo modeCheats
Victory
Defeat
🇸🇪 Vikings · Sweden
1966
+18
🇩🇰 Bulgarians · Denmark
2012
-18
Puttsson
6:29 Loom
8:49 Feudal Age
8:58 Man-at-Arms
14:30 Fletching
17:40 Double-Bit Axe
22:21 Castle Age
21:19 Padded Archer Armor
21:10 Horse Collar
21:20 Gold Mining
22:23 Crossbowman
22:58 Bodkin Arrow
23:46 Bow Saw
24:34 Ballistics
33:53 Imperial Age
34:18 Heavy Plow
34:24 Squires
34:38 Bracer
35:39 Chemistry
Harty
6:42 Loom
9:10 Feudal Age
10:03 Double-Bit Axe
13:22 Arson
16:23 Scale Mail Armor
17:00 Fletching
18:11 Forging
20:13 Padded Archer Armor
25:30 Castle Age
26:26 Chain Mail Armor
26:12 Squires
25:36 Elite Skirmisher
29:03 Leather Archer Armor
29:20 Bodkin Arrow
31:12 Gambesons
Connection lost

Rejoining the realm…

Still unreachable

The connection could not be restored.

Session expired

The server has moved on; the page needs a fresh start.